AoeStats
← King L

Arena

507177859Analyzed
1v1 RM · 15d ago on Sep 17, 2026· 19m 5s· 2 players
Game mode
Random Map
Map size
Tiny (2 player)
Population
200
Speed
Normal
Resources
Standard
Victory
Conquest
Starting age
Dark Age
Ending age
Imperial Age
RankedLock teamsTeams togetherTeam positionsShared explorationLock speedFull tech treeHidden civsTurbo modeCheats
Victory
Defeat
🇨🇱 Romans · Chile
1044
+17
🇺🇸 Dravidians · United States
1069
-17
King L
7:47 Loom
10:08 Feudal Age
14:59 Castle Age
13:15 Double-Bit Axe
14:00 Gold Mining
wonderwild
15:24 Feudal Age
15:31 Man-at-Arms
16:26 Arson
19:21 Castle Age
17:19 Loom
17:46 Gold Mining
17:46 Stone Mining
18:04 Double-Bit Axe
Connection lost

Rejoining the realm…

Still unreachable

The connection could not be restored.

Session expired

The server has moved on; the page needs a fresh start.